 Dungeon Crawl Stone Soup version 0.28-a0-773-g130ae17fe5 (webtiles) character file.

Game seed: 8768491578508247720

408 flotson the Sneak (level 6, -6/48 HPs)
             Began as a Mummy Delver on Nov 1, 2021.
             Was an Elder of Ignis.
             Killed from afar by Ijyb (34 damage)
             ... with a bolt of acid
             ... on level 4 of the Dungeon.
             The game lasted 00:06:49 (4027 turns).

flotson the Sneak (Mummy Delver)                    Turns: 4027, Time: 00:06:49

Health: -6/48      AC:  5    Str: 18    XL:     6   Next: 57%
Magic:  6/6        EV: 11    Int:  9    God:    Ignis [****..]
Gold:   87         SH:  0    Dex: 13    Spells: 5/5 levels left

rFire   . . .      SeeInvis .   b - +2 flail (vorpal)
rCold   + . .      Faith    .   (no shield)
rNeg    + + +      Spirit   .   p - +0 ring mail
rPois   ∞          Reflect  .   (no helmet)
rElec   .          Harm     .   (no cloak)
rCorr   .          Rampage  .   (no gloves)
Will    .....                   (no boots)
Stlth   ++........              (no amulet)
HPRegen 0.16/turn               (no ring)
MPRegen 0.10/turn               (no ring)

@: no status effects
A: cold resistance 1, negative energy resistance 3, torment resistance 2, heat
vulnerability 1, no potions
a: Renounce Religion, Sea of Fire, Foxfire Swarm, Rising Flame


You were on level 4 of the Dungeon.
You worshipped Ignis.
Ignis was greatly pleased with you.
You visited 2 branches of the dungeon, and saw 6 of its levels.

You collected 87 gold pieces.

Inventory:

Hand Weapons
 a - a +0 hand axe
 b - a +2 vorpal flail (weapon)
Missiles
 h - 14 poisoned darts (quivered)
Armour
 p - a +0 ring mail (worn)
Wands
 e - a wand of acid (4)
 f - a wand of digging (3)
 g - a wand of iceblast (2)
Scrolls
 c - a scroll of fog
 d - 2 scrolls of magic mapping
 i - 2 scrolls of identify {unknown}
 j - a scroll of acquirement {unknown}
 k - a scroll of vulnerability {unknown}
 l - a scroll of enchant armour {unknown}
 m - a scroll of teleportation {unknown}
 n - a scroll of fear


   Skills:
 + Level 3.9 Fighting
 + Level 2.7 Axes
 + Level 1.2 Throwing
 + Level 1.8 Armour
 + Level 2.7 Dodging
 + Level 4.8 Stealth
 + Level 1.8 Evocations


You had 5 spell levels left.
You didn't know any spells.
Your spell library contained the following spells:

 Spells                   Type           Power      Damage    Failure   Level
 Inner Flame              Hex/Fire       0%         N/A       91%         3
 Cause Fear               Hex            0%         N/A       100%        4
 Discord                  Hex            0%         N/A       100%        8


Dungeon Overview and Level Annotations

Branches:
Dungeon (5/15)             Temple (1/1) D:4

Altars:
Cheibriados
Dithmenos
Gozag
Kikubaaqudgha
Makhleb
Okawaru
Ru
Sif Muna
Trog
Vehumet
The Shining One
Ignis

Annotations:
D:4 Ijyb, Menkaure


Innate Abilities, Weirdness & Mutations

You are immune to poison.
Your flesh is cold resistant. (rC+)
You are immune to negative energy. (rN+++)
You are immune to unholy pain and torment.
You are vulnerable to heat. (rF-)
You do not drink.


Message History

You open the gate.
Found three altars.
There is an open gate here.
Found an iron altar of Okawaru.
Found a sacrificial altar of Ru.
Found a radiant altar of Vehumet.
Found an opulent altar of Gozag.
Found a bloodstained altar of Trog.
Found a snail-covered altar of Cheibriados and a shadowy altar of Dithmenos.
There is an opulent altar of Gozag here.
You kneel at the altar of Gozag.
(D) Dungeon (T) Temple
Where to? (Enter - D:4 @ (x,y), ? - help)
There is a fountain of clear blue water here.
There is a shimmering blue altar of Sif Muna here.
There is an open gate here.
There is a staircase back to the Dungeon here.
You climb upwards.
Welcome back to the Dungeon!
Level annotation: Menkaure
There is a staircase to the Ecumenical Temple here.
There is a fountain of clear blue water here.
Ijyb the Twisted Goblin comes into view.
She is wielding a +0 club and carrying a wand of acid (10).
Ijyb shouts!
The scorpion barely misses you.
You closely miss the scorpion. The scorpion stings you. x2
You hit the scorpion.
The scorpion is moderately wounded.
The scorpion stings you! x2
You hit the scorpion.
The scorpion is heavily wounded.
The scorpion stings you but does no damage.
You sock the scorpion!
The scorpion is almost dead.
The scorpion stings you but does no damage.
The scorpion barely misses you.
You sock the scorpion!
You kill the scorpion!
Ijyb zaps a wand.
The bolt of acid hits you!!
Ouch! That really hurt!
You die...

#...# #.#
###.#######.....###.
#.### #.### #...#
#.....##.# #.# #...#
#.⌠.# ###.#..... #.#
#...# #...# #.######
#.# #...# ##.## #[#
#.# ##.## #.# #.#
#.######...# #.#
#....<.....# #.#
########...# #@#
..........## #†#
#########.# #g. #.#
##.. #.# ..#
#.#######..#
#..........#
#.#######.##
#.........


You could see Ijyb.

Vanquished Creatures
  Sigmund (D:2)
  A kobold brigand (D:3)
  A scorpion (D:4)
  An orc priest (D:4)
  A jelly (D:4)
  A hound skeleton (D:4)
  2 adders
  A worm (D:2)
  3 dart slugs
  4 orcs (D:4)
  8 endoplasms
  4 giant cockroaches
  7 goblins
  6 hobgoblins
  7 jackals
  3 quokkas
  5 ball pythons
  8 bats
  3 frilled lizards
  6 kobolds
  2 rats
75 creatures vanquished.

Vanquished Creatures (others)
  24 foxfires
  2 fungi (D:2)
  5 toadstools (D:1)
31 creatures vanquished.

Grand Total: 106 creatures vanquished

Notes
Turn   | Place    | Note
-------+----------+-------------------------------------------
     0 | D:5      | flotson the Mummy Delver began the quest for the Orb.
     0 | D:5      | Reached XP level 1. HP: 18/18 MP: 1/1
    41 | D:4      | Noticed an orc priest
    78 | D:4      | Noticed Menkaure
    79 | D:4      | Reached XP level 2. HP: 15/24 MP: 2/2
   256 | D:3      | Noticed a kobold brigand
   264 | D:3      | HP: 1/24 [kobold brigand (5)]
   267 | D:3      | Killed a kobold brigand
   268 | D:3      | Reached skill level 1 in Armour
   268 | D:3      | Reached skill level 1 in Evocations
   268 | D:3      | Reached XP level 3. HP: 2/29 MP: 3/3
   268 | D:3      | Reached XP level 4. HP: 3/35 MP: 4/4
  1533 | D:1      | Reached XP level 5. HP: 30/41 MP: 5/5
  2356 | D:2      | Found a faded altar of an unknown god.
  2365 | D:2      | Prayed at the altar of an unknown god.
  2365 | D:2      | Became a worshipper of Ignis, the Dying Flame
  2657 | D:2      | Noticed Sigmund
  2668 | D:2      | Killed Sigmund
  2669 | D:2      | Reached skill level 1 in Throwing
  2669 | D:2      | Reached XP level 6. HP: 44/48 MP: 6/6
  3916 | D:4      | Found a staircase to the Ecumenical Temple.
  3938 | Temple   | Entered the Ecumenical Temple
  4021 | D:4      | Noticed Ijyb
  4027 | D:4      | Killed from afar by Ijyb

Illustrated notes

Levels and vault maps discovered:
D:1:      ldierk_walled_garden, layout_loops_corners
D:2:      layout_loops_ring, shapermc_ecumenical_altar_petra, uniq_sigmund
D:3:      layout_loops_cross, serial_glass, glass_columns_b, glass_columns_b
D:4:      layout_loops_ring, nicolae_tso_carved_into_rock,
          minmay_temple_entry_antechambers, minmay_curled_crystal, uniq_ijyb,
          uniq_menkaure
D:5:      layout_basic, pdpol_wu_jian_five_deadly_venoms,
          nicolae_qazlal_general_emergency, kennysheep_decorative_pillar,
          uniq_prince_ribbit1
Temple:   cyrus_temple_forest

Skill      XL: |  1  2  3  4  5 |
---------------+----------------+-----
Axes           | 2 |  2.7
Armour         | 1 |  1.8
Dodging        | 2 |  2.7
Evocations     | 1 |  1.8
Throwing       | 1 |  1.2
Fighting       | |  3.9
Stealth        | |  4.8

Action                   |  1- 3 |  4- 6 || total
-------------------------+-------+-------++-------
Melee: Hand axe          |    24 |   177 ||   201
       Flail             |       |    17 ||    17
Throw: Dart              |       |     6 ||     6
Invok: Foxfire Swarm     |       |     4 ||     4
Evoke: Wand              |     5 |     2 ||     7
  Use: Scroll            |     1 |       ||     1
 Stab: Sleeping          |       |    16 ||    16
Armor: Leather armour    |     6 |    54 ||    60
       Ring mail         |       |     2 ||     2
Dodge: Dodged            |    12 |   135 ||   147

Table legend: (Time is in decaauts)
 A = Elapsed time spent in this place.
 B = Non-inter-level travel time spent in this place.
 C = Inter-level travel time spent in this place.
 D = Time resting spent in this place.
 E = Time spent auto-exploring this place.
 F = Levels seen in this place.
 G = Mean time per level.
                   A        B        C        D        E       F      G
               +--------+--------+--------+--------+--------+-----+--------+
         Total |   4075 |   3950 |    125 |      4 |   3230 |   6 |  679.2 |
       Dungeon |   4002 |   3912 |     90 |      4 |   3203 |   5 |  800.4 |
        Temple |     72 |     37 |     35 |      0 |     27 |   1 |   72.0 |
               +--------+--------+--------+--------+--------+-----+--------+

Top non-repeatable levels by time:
     D:1: 1243 daAuts
     D:3: 1066 daAuts
     D:4: 842 daAuts
     D:2: 839 daAuts
  Temple: 72 daAuts
     D:5: 11 daAuts
